 Dungeon Crawl Stone Soup version 0.30-a0-390-g80c34de65d (webtiles) character file.

Game seed: 16656627711946049319

6470 cheesebisquit the Severer (level 10, -7/78 HPs)
             Began as a Minotaur Berserker on Dec 4, 2022.
             Was an Elder of Trog.
             Killed from afar by an electric eel (11 damage)
             ... with a bolt of electricity
             ... on level 9 of the Dungeon.
             The game lasted 00:45:34 (7843 turns).

cheesebisquit the Severer (Minotaur Berserker)      Turns: 7843, Time: 00:45:35

Health: -7/78      AC: 18    Str: 26    XL:     10   Next: 68%
Magic:  9/9        EV:  7    Int:  4    God:    Trog [****..]
Gold:   349        SH:  3    Dex: 16    Spells: 9/9 levels left

rFire   + . .      SeeInvis .    z - +1 war axe
rCold   . . .      Faith    .    Z - +0 buckler
rNeg    . . .      Spirit   .    e - +1 plate armour
rPois   .          Reflect  .    (helmet restricted)
rElec   .          Harm     .    q - +1 cloak
rCorr   .          Rampage  +    d - +1 pair of gloves
Will    .....                    F - +1 pair of boots {rampage}
Stlth   ..........               (no amulet)
HPRegen 0.33/turn                U - ring of protection from fire
MPRegen 0.11/turn                W - +6 ring of dexterity

@: very slow
A: horns 2, retaliatory headbutt
a: Renounce Religion, Berserk, Trog's Hand, Brothers in Arms


You were on level 9 of the Dungeon.
You worshipped Trog.
Trog was greatly pleased with you.
You visited 1 branch of the dungeon, and saw 9 of its levels.

You collected 559 gold pieces.
You spent 210 gold pieces at shops.

Inventory:

Hand Weapons
 z - a +1 war axe (weapon)
 H - a +2 vorpal shortbow
 V - a +4 hand axe
Missiles
 g - 25 poisoned darts (quivered)
 i - 89 stones
 O - a throwing net
Armour
 d - a +1 pair of gloves (worn)
 e - a +1 plate armour (worn)
 q - a +1 cloak (worn)
 E - a +1 chain mail of poison resistance
 F - a +1 pair of boots of rampaging (worn)
 Q - an orb of light
 Z - a +0 buckler (worn)
Jewellery
 x - a ring of magical power
 R - a ring of fire
 U - a ring of protection from fire (left hand)
 W - a +6 ring of dexterity (right hand)
Wands
 t - a wand of flame (32)
 w - a wand of acid (3)
 K - a wand of mindburst (18)
 L - a wand of paralysis (29)
 T - a wand of roots (10)
Scrolls
 f - 3 scrolls of enchant weapon
 k - a scroll of acquirement {unknown}
 l - a scroll of magic mapping
 v - a scroll of blinking {unknown}
 y - 2 scrolls of poison {unknown}
 A - 2 scrolls of immolation
 B - a scroll of amnesia {unknown}
 C - 2 scrolls of noise {unknown}
 D - a scroll of brand weapon {unknown}
 I - a scroll of fear {unknown}
 J - a scroll of vulnerability {unknown}
 N - a scroll of torment {unknown}
 P - a scroll of teleportation {unknown}
 Y - a scroll of identify
Potions
 c - 3 potions of cancellation
 h - 3 potions of flight
 j - 2 potions of invisibility
 m - 3 potions of curing {unknown}
 o - a potion of resistance {unknown}
 p - 3 potions of attraction
 s - a potion of mutation {unknown}
 u - 2 potions of haste {unknown}
 G - a potion of magic {unknown}
 M - a potion of ambrosia {unknown}
 S - 2 potions of lignification
 X - 3 potions of might {unknown}


   Skills:
 - Level 4.0 Fighting
 + Level 18.8 Axes
 - Level 3.0 Armour
 - Level 2.6 Dodging


You had 9 spell levels left.
You didn't know any spells.
Your spell library was empty.

Dungeon Overview and Level Annotations

Branches:
Dungeon (9/15)             Temple (0/1) D:7             Orc (0/2) D:9
   Lair: D:8-11

Altars:
Cheibriados
Gozag
Kikubaaqudgha
Nemelex Xobeh
Trog
Xom
The Shining One

Shops:
D:5 [   D:6 *

Annotations:
D:9 1 runed translucent door, Maxmaps's ghost, novice DsMo


Innate Abilities, Weirdness & Mutations

You have a pair of horns on your head.
You reflexively headbutt those who attack you in melee.


Message History

The bolt of electricity hits you!
The electric eel shoots out a bolt of lightning at you!
The bolt of electricity hits you!
The electric eel shoots out a bolt of lightning at you!
The bolt of electricity hits you!
Your unstable footing causes you to fumble your attack.
The electric eel shoots out a bolt of lightning at you!
The bolt of electricity hits you!
The electric eel shoots out a bolt of lightning at you!
The bolt of electricity hits you.
The electric eel shoots out a bolt of lightning at you!
The bolt of electricity misses the electric eel.
The bolt of electricity hits the plant!
The plant begins to die.
The bolt of electricity hits you!
The electric eel shoots out a bolt of lightning at you!
The bolt of electricity hits the plant!
The bolt of electricity hits you!
A nearby plant withers and dies.
An electric eel is nearby!
The electric eel shoots out a bolt of lightning at you!
The bolt of electricity hits the plant!
The plant begins to die.
The bolt of electricity hits you!
* * * LOW HITPOINT WARNING * * *
As you read the scroll labelled VAJ COINNAL, it crumbles to dust.
It is a scroll of enchant weapon.
Your +0 war axe glows red for a moment.
As you read the scroll labelled EMISEO SAONTA, it crumbles to dust.
The creatures around you are filled with an inner flame!
It was a scroll of immolation.
The electric eel shoots out a bolt of lightning at you!
The bolt of electricity hits the plant!
The bolt of electricity hits you!
* * * LOW HITPOINT WARNING * * *
The bolt of electricity hits you.
* * * LOW HITPOINT WARNING * * *
As you read the scroll labelled EGIMPU UTHAFI, it crumbles to dust.
You feel aware of your surroundings.
It was a scroll of magic mapping.
The electric eel shoots out a bolt of lightning at you!
The bolt of electricity hits you!
* * * LOW HITPOINT WARNING * * *
The bolt of electricity hits you!
You die...

~~~~~♣~~~...♣♣~### **,,,,,,,,,*,,
~~*≈~~≈~~~~~~~♣~~#**,,,,,,,,~~~,,
~~P≈S≈≈≈~~~~~~~~~♣*,,,,,,,,~~~,~,
~≈≈≈≈≈≈≈≈≈~~~~~~~♣♣,,,,,,,,~~*~~,
~≈≈≈≈≈≈≈≈≈~≈S~~~P~♣~,,,,,,,,~~~~~
~≈≈≈≈≈≈≈≈≈≈~~~~~~~♣*,,,,,,,~~~~~~
≈≈≈≈≈≈≈≈≈≈≈S~~♣~~~♣~*,,,,,,~,~~~~
~~~~≈≈≈≈≈≈~♣~~♣PS♣♣***,,,*,,~~~~,
~~~~~≈≈≈≈~~~P~~P@♣ **'**,~~~~,~
~~~~~~~P~~~~~♣~♣## *,***~~~,,~
~~~~~~~*~~~♣♣~♣* ****,**,,*~~,,
~*~**~**♣♣♣~♣#* *,,,,,**,,**,*
~*****~* *,** *,***,******** **
*****,** ***,* *,,,,,,,,,
**,,,******,,,***,********
*,*,,,,,,,,,,,,,,,*
**,*,******,***,***


You could see 2 electric eels.

Vanquished Creatures
  Amaemon (D:8)
  An orange demon (D:8)
  A kobold demonologist (D:9)
  A tengu conjurer (D:9)
  A troll (D:9)
  Prince Ribbit (D:5)
  A wyvern (D:9)
  5 yaks (D:9)
  A steam dragon (D:9)
  Edmund (D:6)
  Duvessa (D:7)
  A water moccasin (D:8)
  2 orc warriors
  2 ice beasts
  A black bear (D:7)
  An ogre (D:5)
  3 centaurs
  2 phantoms
  2 kobold brigands
  4 bullfrogs
  A necrophage (D:5)
  A scorpion (D:6)
  5 wights (D:8)
  Dowan (D:7)
  9 killer bees
  A howler monkey (D:5)
  2 electric eels (D:9)
  3 hounds
  3 jellies
  6 orc priests
  Crazy Yiuf (D:2)
  Ijyb (D:3)
  2 iguanas
  9 orc wizards
  Natasha (twice) (D:2 D:1)
  6 adders
  3 gnolls (D:3)
  A shadow imp (D:6)
  2 white imps (D:6)
  3 ufetubi
  2 worms
  A dart slug (D:3)
  61 orcs
  6 ball pythons
  9 bats
  3 endoplasms
  4 giant cockroaches
  9 goblins
  9 hobgoblins
  3 quokkas
  4 frilled lizards
  12 kobolds
  8 rats
226 creatures vanquished.

Vanquished Creatures (collateral kills)
  An orc warrior (D:9)
1 creature vanquished.

Vanquished Creatures (others)
  19 plants (D:9)
19 creatures vanquished.

Grand Total: 246 creatures vanquished

Notes
Turn   | Place    | Note
-------+----------+-------------------------------------------
     0 | D:1      | cheesebisquit the Minotaur Berserker began the quest for
                  | the Orb.
     0 | D:1      | Reached XP level 1. HP: 19/19 MP: 0/0
   281 | D:1      | Reached XP level 2. HP: 27/27 MP: 1/1
   411 | D:1      | Reached skill level 4 in Axes
   433 | D:1      | Reached ** piety under Trog
   661 | D:1      | Reached XP level 3. HP: 33/33 MP: 2/2
   967 | D:2      | Found a runed translucent door.
   968 | D:2      | Noticed Crazy Yiuf
  1161 | D:2      | Noticed Natasha
  1167 | D:2      | Killed Natasha
  1168 | D:2      | Reached skill level 5 in Axes
  1168 | D:2      | Reached XP level 4. HP: 40/40 MP: 3/3
  1239 | D:2      | Found an opulent altar of Gozag.
  1290 | D:2      | Noticed Natasha
  1305 | D:1      | Killed Natasha
  1598 | D:2      | Killed Crazy Yiuf
  1599 | D:2      | Reached skill level 6 in Axes
  1778 | D:3      | Reached XP level 5. HP: 34/46 MP: 4/4
  1942 | D:3      | Noticed Ijyb
  1946 | D:3      | Killed Ijyb
  2136 | D:3      | Reached skill level 7 in Axes
  2459 | D:3      | Found a glowing golden altar of the Shining One.
  2591 | D:4      | Reached XP level 6. HP: 44/52 MP: 5/5
  2675 | D:4      | Reached skill level 8 in Axes
  2950 | D:4      | Reached *** piety under Trog
  3114 | D:4      | Found a bloodstained altar of Trog.
  3195 | D:5      | Entered Level 5 of the Dungeon
  3314 | D:5      | Reached skill level 9 in Axes
  3314 | D:5      | Reached XP level 7. HP: 19/59 MP: 6/6
  3562 | D:5      | Noticed Prince Ribbit
  3580 | D:5      | Killed Prince Ribbit
  3581 | D:5      | Reached skill level 10 in Axes
  3734 | D:5      | Found Seliugg's Antique Armour Emporium.
  3742 | D:5      | Bought a pair of runed boots for 210 gold pieces
  3903 | D:5      | Reached skill level 11 in Axes
  4004 | D:5      | Reached XP level 8. HP: 62/66 MP: 7/7
  4427 | D:6      | Found Nyjaeg's Assorted Antiques.
  4455 | D:6      | Noticed Edmund
  4458 | D:6      | Reached skill level 12 in Axes
  4465 | D:6      | Killed Edmund
  4653 | D:6      | Reached **** piety under Trog
  4737 | D:6      | Reached skill level 13 in Axes
  4866 | D:7      | Noticed Dowan
  4871 | D:7      | Noticed Duvessa
  4873 | D:7      | Killed Dowan
  4883 | D:7      | Killed Duvessa
  4939 | D:7      | Reached skill level 14 in Axes
  4939 | D:7      | Reached XP level 9. HP: 71/71 MP: 8/8
  5003 | D:7      | Found a staircase to the Ecumenical Temple.
  5061 | D:7      | Found an ancient bone altar of Kikubaaqudgha.
  5089 | D:7      | Found a snail-covered altar of Cheibriados.
  5872 | D:8      | Noticed an orange demon
  5876 | D:8      | Noticed Amaemon
  5880 | D:8      | Killed an orange demon
  5881 | D:8      | Reached skill level 15 in Axes
  5887 | D:8      | Killed Amaemon
  5927 | D:8      | Reached skill level 16 in Axes
  6455 | D:8      | Reached XP level 10. HP: 78/78 MP: 9/9
  6527 | D:8      | Found a sparkling altar of Nemelex Xobeh.
  6574 | D:8      | Reached skill level 17 in Axes
  6709 | D:9      | Found a shimmering altar of Xom.
  6891 | D:9      | Noticed Maxmaps's ghost (novice DsMo)
  6892 | D:9      | Found a runed translucent door.
  6892 | D:9      | Identified the +9 spear "Giotehai" {vorpal, rC+ Will- SInv}
  7187 | D:9      | Found a staircase to the Orcish Mines.
  7218 | D:9      | Reached ***** piety under Trog
  7357 | D:9      | Reached skill level 18 in Axes
  7843 | D:9      | Killed from afar by an electric eel

Illustrated notes

Levels and vault maps discovered:
D:1:      dpeg_arrival_water_temple_mockup, layout_basic, nrook_loot_triangle
D:2:      layout_loops_cross, basic_altar, kennysheep_flooded_box,
          minmay_tetromino_l4, uniq_natasha, uniq_crazy_yiuf_cottage
D:3:      layout_loops_corners, mainiacjoe_overflow_alcove_4, uniq_ijyb
D:4:      layout_rooms, lightli_temple_of_fire
D:5:      layout_basic, serial_shops, shop, uniq_prince_ribbit1
D:6:      layout_basic, serial_shops, shop, minmay_misc_feat_five, uniq_edmund
D:7:      layout_basic, lemuel_coloured_pillars_altar, kennysheep_mini_moat,
          minmay_temple_entry_mist, uniq_duvessa
D:8:      nicolae_cairo_tiling_large, layout_loops_cross,
          nemelex_xobeh_ov_fountains_minmay, uniq_amaemon
D:9:      layout_loops_corners, xom_teletrap_fun, hiddenorc2_lemuel,
          serial_bayou, serial_bayou_shore_a, serial_bayou_pond_d,
          serial_bayou_lake_a, serial_bayou_pond_b, ebering_ghost_funeral_grove,
          minivault_13

Skill      XL: |  1  2  3  4  5  6  7  8  9 10 |
---------------+-------------------------------+-----
Fighting       | 4 |  4.0
Axes           | 4 5 6 7 9 11 14 16 18 | 18.8
Armour         | 3 |  3.0
Dodging        | |  2.6

Action                   |  1- 3 |  4- 6 |  7- 9 | 10-12 || total
-------------------------+-------+-------+-------+-------++-------
Melee: Hand axe          |   103 |    60 |       |       ||   163
       Headbutt          |    10 |    20 |    42 |    35 ||   107
       Punch             |     1 |     2 |       |       ||     3
       War axe           |       |    55 |   199 |   108 ||   362
Invok: Berserk           |     1 |     6 |     8 |     4 ||    19
       Trog's Hand       |       |     1 |       |     2 ||     3
       Brothers in Arms  |       |       |       |     1 ||     1
  Use: Scroll            |       |     5 |     4 |     3 ||    12
       Potion            |       |     1 |       |     1 ||     2
Armor: Animal skin       |     1 |       |       |       ||     1
       Plate armour      |    57 |    68 |   122 |    46 ||   293
Dodge: Dodged            |    28 |    29 |    67 |    27 ||   151

Table legend: (Time is in decaauts)
 A = Elapsed time spent in this place.
 B = Non-inter-level travel time spent in this place.
 C = Inter-level travel time spent in this place.
 D = Time resting spent in this place.
 E = Time spent auto-exploring this place.
 F = Levels seen in this place.
 G = Mean time per level.
                   A        B        C        D        E       F      G
               +--------+--------+--------+--------+--------+-----+--------+
         Total |   7998 |   7732 |    266 |   1226 |   4936 |   9 |  888.7 |
       Dungeon |   7998 |   7732 |    266 |   1226 |   4936 |   9 |  888.7 |
               +--------+--------+--------+--------+--------+-----+--------+

Top non-repeatable levels by time:
     D:9: 1168 daAuts
     D:8: 1072 daAuts
     D:5: 955 daAuts
     D:1: 955 daAuts
     D:3: 932 daAuts
     D:4: 909 daAuts
     D:7: 792 daAuts
     D:2: 734 daAuts
     D:6: 475 daAuts
